 Dungeon Crawl Stone Soup version 0.30-b1-2-g02819fbbbe (webtiles) character file.

Game seed: 1532592695846779594

139871 Shirokaze the Severer (level 16, -4/149 (156) HPs)
             Began as an Armataur Fighter on May 26, 2023.
             Was a Believer of Ashenzari.
             Slain by a skeletal warrior
             ... wielding a +1 mace of draining
              (6 damage)
             ... on level 15 of the Dungeon.
             The game lasted 02:13:20 (20385 turns).

Shirokaze the Severer (Armataur Fighter)           Turns: 20385, Time: 02:13:25

HP:   -4/149 (156)  AC: 31    Str: 30    XL:     16   Next: 74%
MP:   14/14         EV:  5    Int:  9    God:    Ashenzari [**....]
Gold: 942           SH: 12    Dex: 11    Spells: 15/15 levels left

rFire   + + .        E - +7 war axe (flame)
rCold   . . .        c - +0 buckler of Ashenzari's Pleiades {Evo, Cun} (curse)
rNeg    . . .        z - +2 plate armour {rF+}
rPois   +            h - +2 helmet "Restrained With Me" {Cun, Alch} (curse)
rElec   +            j - scarf "Omniscient Seeker" {+Inv, rElec rPois Will+ Str+4, Elem, Self} (curse)
rCorr   .            (no gloves)
SInv    +            b - +3 barding
Will    +++..        x - amulet of Ashenzari's Loss {Reflect SH+5, Melee, Fort} (curse) Stlth
                     e - ring of willpower
HPRegen 0.44/turn    g - ring of protection from fire
MPRegen 0.14/turn

%: reflection, roll
@: mighty, hasted and slowed, lightly drained
A: large, rugged brown scales 3, deformed body, armoured tail, roll, long
tongue, awkward tongue, claws 1, camouflage 1, low MP 1, sense surroundings 1,
poison resistance, weak 1
a: Renounce Religion, Evoke Invisibility, Curse Item, Shatter the Chains


You were on level 15 of the Dungeon.
You worshipped Ashenzari.
Ashenzari was pleased with you.
You visited 4 branches of the dungeon, and saw 23 of its levels.
You visited 1 bazaar.
You also visited: Volcano.

You collected 2533 gold pieces.
You spent 1591 gold pieces at shops.

Inventory:

Hand Weapons
 E - a +7 war axe of flaming (weapon)
Armour
 b - a +3 barding (worn)
 c - the cursed +0 buckler of Ashenzari's Pleiades (worn) {Evo, Cun}

   It has a curse which improves the following skills: Evocations: Evocations.
   Cunning:   Dodging and Stealth.
 h - the cursed +2 helmet "Restrained With Me" (worn) {Cun, Alch}
   (You found it on level 1 of the Dungeon)

   It has a curse which improves the following skills: Cunning: Dodging and
   Stealth.
   Alchemy:   Poison Magic and Transmutations.
 j - the cursed scarf "Omniscient Seeker" (worn) {+Inv, rElec rPois Will+ Str+4, Elem, Self}
   (You acquired it on level 5 of the Lair of Beasts)

   Str:       It affects your strength (+4).
   rElec:     It insulates you from electricity.
   rPois:     It protects you from poison.
   Will:      It increases your willpower.
   It has a curse which improves the following skills: Elements: Fire Magic, Ice
   Magic, Air Magic and Earth Magic.
   Introspection: Fighting and Spellcasting.
 p - a +1 plate armour of cold resistance
 z - a +2 plate armour of fire resistance (worn)
Jewellery
 e - a ring of willpower (left claw)
 g - a ring of protection from fire (right claw)
 u - an amulet of the acrobat
 x - the cursed amulet of Ashenzari's Loss (around neck) {Reflect SH+5, Melee, Fort}
   (You found it on level 3 of the Dungeon)

   [amulet of reflection]

   It reflects blocked missile attacks.
   SH:        It affects your SH (+5).
   It has a curse which improves the following skills: Melee Combat: Short
   Blades, Long Blades, Axes, Maces & Flails, Polearms, Staves and Unarmed
   Combat.
   Fortitude: Armour and Shields.
Wands
 d - a wand of charming (14)
 l - a wand of acid (1)
 m - a wand of roots (19)
 v - a wand of digging (1)
 A - a wand of mindburst (20)
 C - a wand of flame (19)
Scrolls
 a - a scroll of fear
 f - 2 scrolls of amnesia
 n - 11 scrolls of teleportation
 o - 2 scrolls of poison
 r - 2 scrolls of silence
 t - 4 scrolls of fog
 y - 3 scrolls of magic mapping
Potions
 i - 2 potions of ambrosia
 k - a potion of flight
 q - a potion of mutation
 s - 3 potions of brilliance
 w - a potion of invisibility
 B - a potion of magic
 F - a potion of resistance
 G - a potion of might


   Skills:
 + Level 12.9(14.0) Fighting
 + Level 16.5(17.5) Axes
 + Level 15.2(16.2) Armour
 + Level 1.7(3.0) Dodging
 + Level 3.0(4.5) Stealth
 + Level 13.5(14.6) Shields
 + Level 2.6(3.6) Evocations


You had 15 spell levels left.
You didn't know any spells.
Your spell library contained the following spells:

 Spells                   Type           Power      Damage    Failure   Level
 Freeze                   Ice            0%         1d3       91%         1
 Sandblast                Erth           0%         2d4       91%         1
 Sting                    Tmut/Pois      0%         1d3       91%         1
 Magic Dart               Conj           0%         1d3       92%         1
 Cigotuvi's Dreadful Rot  Necr/Pois/Air  0%         N/A       97%         2
 Blink                    Tloc           0%         N/A       98%         2
 Lesser Beckoning         Tloc           0%         N/A       98%         2
 Momentum Strike          Conj/Tloc      0%         3d8       98%         2
 Searing Ray              Conj           0%         2d4       98%         2
 Call Canine Familiar     Summ           0%         N/A       100%        3
 Portal Projectile        Hex/Tloc       0%         N/A       100%        3
 Spider Form              Tmut/Pois      0%         N/A       100%        3
 Tukima's Dance           Hex            0%         N/A       100%        3
 Cause Fear               Hex            0%         N/A       100%        4
 Dispel Undead            Necr           0%         3d6       100%        4
 Fulminant Prism          Conj/Hex       0%         3d5       100%        4
 Leda's Liquefaction      Hex/Erth       0%         N/A       100%        4
 Summon Ice Beast         Ice/Summ       0%         N/A       100%        4
 Summon Lightning Spire   Summ/Air       0%         N/A       100%        4
 Blade Hands              Tmut           0%         N/A       100%        5
 Lee's Rapid Deconstruct  Erth           0%         3d4*      100%        5
 Death Channel            Necr           0%         N/A       100%        6
 Eringya's Noxious Bog    Tmut/Pois      0%         N/A       100%        6
 Statue Form              Tmut/Erth      0%         N/A       100%        6
 Dragon Form              Tmut           0%         N/A       100%        7
 Storm Form               Tmut/Air       0%         N/A       100%        7
 Discord                  Hex            0%         N/A       100%        8
 Maxwell's Capacitive Co  Air            0%         ∞         100%        8
 Dragon's Call            Summ           0%         N/A       100%        9


Dungeon Overview and Level Annotations

Branches:
Dungeon (15/15)            Temple (1/1) D:7            Lair (5/5) D:11
  Swamp (0/4) Lair:2       Spider (0/4) Lair:3        Slime (0/5) Lair:5
    Orc (2/2) D:9             Elf (0/3) Orc:2        Vaults (0/5) D:13
 Depths (0/4) D:15        Volcano (visited)

Altars:
Ashenzari
Cheibriados
Dithmenos
Elyvilon
Fedhas
Gozag
Hepliaklqana
Kikubaaqudgha
Makhleb
Nemelex Xobeh
Okawaru
Qazlal
Ru
Sif Muna
Trog
Uskayaw
Vehumet
Wu Jian
Xom
Yredelemnul
Zin
The Shining One

Shops:
D:2 *   D:11 [   Orc:1 (   Orc:2 :([[*

Portals:
Hell: Lair:5

Annotations:
D:12 6 transporters


Innate Abilities, Weirdness & Mutations

You are completely covered in rugged brown scales. (AC +3, +7% HP)
Armour fits poorly on your strangely shaped body.
You have a long armoured tail.
You roll when moving toward enemies. (Rampage)
Your long tongue fully drains potion bottles. (2x potion effects)
Your tongue gives you trouble enunciating. (1.5x scroll delay)
You have sharp fingernails.
Your skin changes colour to match your surroundings (Stealth+).
Your magical capacity is low. (-10% MP)
You passively map a small area around you.
Your system is resistant to poisons. (rPois)
You are weak. (Str -2)


Message History

You block the shadow dragon zombie's attack.
You slice the tengu reaver zombie!! You burn the tengu reaver zombie.
You destroy the tengu reaver zombie!
You slash the shadow dragon zombie! You burn the shadow dragon zombie.
You destroy the shadow dragon zombie!
You hit the skeletal warrior but do no damage.
You slash the skeletal warrior! You burn the skeletal warrior.
You block the skeletal warrior's attack.
The skeletal warrior hits you but does no damage.
You feel yourself speed up.
You slurp down every last drop of the potion of haste!
The skeletal warrior barely misses you.
You block the skeletal warrior's attack.
A frost giant skeleton comes into view.
You barely miss the skeletal warrior.
Your tail-slap misses the skeletal warrior.
You slash the skeletal warrior! You burn the skeletal warrior.
You block the skeletal warrior's attack. x2
You slash the skeletal warrior! You burn the skeletal warrior.
The skeletal warrior is moderately damaged.
You barely miss the skeletal warrior.
You block the skeletal warrior's attack. x2
You hit the skeletal warrior but do no damage.
Your tail-slap misses the skeletal warrior.
The skeletal warrior is moderately damaged.
You closely miss the skeletal warrior.
The skeletal warrior hits you but does no damage.
You feel drained.
The skeletal warrior closely misses you.
You barely miss the skeletal warrior.
The skeletal warrior is moderately damaged.
You slash the skeletal warrior! You burn the skeletal warrior.
You hit the skeletal warrior. You burn the skeletal warrior.
The skeletal warrior is moderately damaged.
You slash the skeletal warrior! You burn the skeletal warrior.
You destroy the skeletal warrior!
The skeletal warrior hits you with a +1 mace of draining!!
* * * LOW HITPOINT WARNING * * *
You feel drained.
You die...

, , ** ........P......
#.........8.... , ,
#.......8..8>.P
,,#.....8.P...... ,,
,#...........PPP , , ,,
,#........8..... , ,
#......8z..Z...,
#######+##......@...P...
.................)....P.
........................
........................
.........[.............#
.......................#
...###################.#
...# *.# ...#


You could see a skeletal warrior and a frost giant skeleton.

Vanquished Creatures
  Gastronok (Lair:1)
  An orc warlord (Orc:2)
  A dire elephant (Lair:5)
  The ghost of Pios Xaciraj the Destroyer, a journeyman DgHW (D:14)
  An eidolon (D:14)
  2 ettins (Orc:2)
  2 fire dragons
  Fannar (Lair:1)
  10 hydras
  3 catoblepae
  6 centaur warriors
  A death knight (D:14)
  3 boulder beetles
  5 two-headed ogres
  A vampire mage (D:15)
  5 death yaks (Lair:3)
  Urug (D:10)
  5 orc high priests (Orc:2)
  A sun demon (Lair:5)
  3 skysharks (Lair:5)
  2 shadow wraiths (D:14)
  A skeletal warrior (D:15)
  Amaemon (Lair:1)
  A flayed ghost (D:14)
  Pikel (D:4)
  7 orc knights
  A tengu zombie (D:15)
  A deep elf zephyrmancer (D:13)
  A shadow dragon zombie (D:15)
  A wizard (Lair:5)
  A phantasmal warrior (D:14)
  2 lindwurms
  A deep elf archer (D:13)
  4 cyclopes
  2 orc sorcerers
  3 deep elf pyromancers
  3 oklob plants (Lair:5)
  7 ugly things
  A manticore (D:15)
  Maurice (D:8)
  4 elephants (Lair:3)
  A smoke demon (Lair:5)
  2 black mambas (Lair:4)
  Joseph (D:9)
  3 orange demons
  A torpor snail (Lair:5)
  The ghost of HumanPerson the Covered, a novice FoFi (D:6)
  12 cane toads
  3 gargoyles
  12 komodo dragons
  3 kobold demonologists
  3 yaktaurs (D:13)
  An efreet (D:13)
  10 rime drakes
  2 freezing wraiths (D:14)
  An unseen horror (D:13)
  2 ice devils (Lair:5)
  10 trolls
  A red devil (Lair:5)
  A hornet (D:10)
  A wolf spider simulacrum (D:14)
  9 dream sheep
  Grinder (D:4)
  23 blink frogs
  A shadow (D:12)
  A jumping spider (Lair:3)
  9 slime creatures
  A vampire (D:12)
  28 yaks
  A wraith (D:12)
  3 wyverns
  12 fire bats (Volcano)
  5 basilisks
  2 redbacks (Lair:3)
  2 swamp worms (Lair:2)
  A warg (Orc:1)
  10 vampire mosquitoes
  An acid dragon (D:11)
  Edmund (D:4)
  16 water moccasins
  7 hell hounds
  A sky beast (D:8)
  2 swamp drakes (Lair:3)
  36 orc warriors
  2 black bears (D:6)
  2 ice beasts
  8 ogres
  22 centaurs
  3 phantoms
  9 bullfrogs
  25 kobold brigands
  Blork the orc (D:4)
  2 lemures
  A scorpion (D:6)
  8 wights (D:9)
  3 gnoll sergeants
  5 killer bees
  3 howler monkeys
  5 lava snakes (Volcano)
  3 hounds
  9 jellies
  A gnoll bouda (D:7)
  31 orc priests
  9 iguanas
  3 sleepcaps
  25 orc wizards
  24 gnolls
  5 adders
  A white imp (D:5)
  4 worms
  4 dart slugs
  123 orcs
  10 ball pythons
  8 bats
  An endoplasm (D:1)
  3 giant cockroaches
  9 goblins
  8 hobgoblins
  7 jackals
  5 quokkas
  4 frilled lizards
  16 kobolds
  5 rats
761 creatures vanquished.

Vanquished Creatures (collateral kills)
  A lemure (D:4)
1 creature vanquished.

Vanquished Creatures (others)
  A lemure (D:4)
  2 orc wizards
  12 fungi
  16 plants
  A withered plant (D:15)
32 creatures vanquished.

Grand Total: 794 creatures vanquished

Notes
Turn   | Place    | Note
-------+----------+-------------------------------------------
     0 | D:1      | Shirokaze the Armataur Fighter began the quest for the Orb.
     0 | D:1      | Reached XP level 1. HP: 19/19 MP: 1/1
   250 | D:1      | Reached XP level 2. HP: 26/26 MP: 2/2
   387 | D:1      | Got Sif Muna's Meditations on Evolving Production
  1172 | D:1      | Found a faded altar of an unknown god.
  1330 | D:2      | Reached skill level 2 in Axes
  1348 | D:2      | Reached XP level 3. HP: 32/32 MP: 3/3
  1433 | D:2      | Found a stormy altar of Qazlal.
  1554 | D:2      | Found Qoilutzo's Assorted Antiques.
  1563 | D:2      | Bought a scroll labelled XINICVOWIOP for 19 gold pieces
  1563 | D:2      | Bought a scroll labelled JAXOOC XEARAZ for 19 gold pieces
  1563 | D:2      | Bought a scroll labelled DOINUA INOSIA for 19 gold pieces
  1563 | D:2      | Bought a smoky pink potion for 17 gold pieces
  1933 | D:3      | Reached XP level 4. HP: 39/40 MP: 4/4
  2837 | D:4      | Noticed Edmund
  2847 | D:4      | Killed Edmund
  2848 | D:4      | Reached skill level 3 in Axes
  2848 | D:4      | Reached skill level 5 in Armour
  2848 | D:4      | Reached XP level 5. HP: 10/48 MP: 5/5
  2981 | D:4      | Reached XP level 6. HP: 53/54 MP: 6/6
  3019 | D:4      | Found a hide-covered altar of Uskayaw.
  3053 | D:4      | Noticed Blork the orc
  3061 | D:4      | Killed Blork the orc
  3062 | D:4      | Reached skill level 4 in Axes
  3270 | D:4      | Noticed Pikel
  3340 | D:2      | Bought a scroll of identify for 38 gold pieces
  3340 | D:2      | Bought a smoky amethyst potion for 17 gold pieces
  3362 | D:2      | Gained mutation: Your spells are a little easier to cast,
                  | but a little less powerful. [potion of mutation]
  3362 | D:2      | Gained mutation: Your tail ends in a venomous barb. [potion
                  | of mutation]
  3362 | D:2      | Gained mutation: Your flesh is heat resistant. (rF+)
                  | [potion of mutation]
  3740 | D:4      | Reached XP level 7. HP: 59/62 MP: 7/7
  3771 | D:4      | Killed Pikel
  3772 | D:4      | Reached skill level 5 in Axes
  3772 | D:4      | Reached skill level 5 in Shields
  3842 | D:4      | Noticed Grinder
  3852 | D:4      | Killed Grinder
  3853 | D:4      | Reached XP level 8. HP: 52/71 MP: 8/8
  3959 | D:5      | Entered Level 5 of the Dungeon
  4043 | D:5      | Reached skill level 1 in Evocations
  4110 | D:5      | Reached skill level 5 in Fighting
  4173 | D:5      | Reached skill level 6 in Axes
  4409 | D:5      | Reached XP level 9. HP: 37/79 MP: 9/9
  4493 | D:5      | Found an ornate altar of the Wu Jian Council.
  4497 | D:5      | Found a shimmering altar of Xom.
  4503 | D:5      | Found a snail-covered altar of Cheibriados.
  4505 | D:5      | Found an ancient bone altar of Kikubaaqudgha.
  4532 | D:5      | Found a sacrificial altar of Ru.
  4647 | D:6      | Reached skill level 7 in Axes
  5406 | D:6      | Found a runed translucent gate.
  5406 | D:6      | Found a runed translucent gate.
  5406 | D:6      | Found a runed translucent gate.
  5406 | D:6      | Noticed HumanPerson's ghost (novice FoFi)
  5829 | D:7      | Found a staircase to the Ecumenical Temple.
  5834 | Temple   | Entered the Ecumenical Temple
  5880 | Temple   | Became a worshipper of Ashenzari the Shackled
  5917 | D:7      | Found a radiant altar of Vehumet.
  6363 | D:7      | Reached skill level 8 in Axes
  6653 | D:8      | Noticed Maurice
  6668 | D:8      | Killed Maurice
  6669 | D:8      | Reached XP level 10. HP: 65/88 MP: 10/10
  7112 | D:9      | Found a staircase to the Orcish Mines.
  7209 | D:9      | Noticed Joseph
  7232 | D:9      | Killed Joseph
  7233 | D:9      | Reached skill level 9 in Axes
  7289 | D:9      | Found a hazy altar of Hepliaklqana.
  7291 | D:9      | Reached * piety under Ashenzari
  7330 | D:9      | Identified the +5 ring mail "Yrehuk" {Int+3 Dex+2}
  7461 | D:9      | Noticed a two-headed ogre
  7478 | D:9      | Killed a two-headed ogre
  7851 | D:10     | Entered Level 10 of the Dungeon
  7896 | D:10     | Noticed a two-headed ogre
  7901 | D:10     | Killed a two-headed ogre
  7902 | D:10     | Reached skill level 10 in Axes
  7910 | D:10     | Reached ** piety under Ashenzari
  8025 | D:10     | Reached XP level 11. HP: 70/98 MP: 11/11
  8183 | D:10     | Noticed Urug
  8354 | D:10     | Killed Urug
  8590 | D:11     | Identified the +0 pair of boots "Putogeon" {rElec Str-2
                  | Dex+3 Slay+5}
  8607 | D:11     | Noticed a brown ugly thing
  8622 | D:11     | Killed a brown ugly thing
  8751 | D:11     | Found a staircase to the Lair.
  8878 | D:11     | Found Gaonooc's Antique Armour Shop.
  8938 | D:11     | Bought a glowing cloak for 172 gold pieces
  9314 | D:12     | Reached skill level 11 in Axes
  9402 | D:12     | Found a transporter.
  9426 | D:12     | Found a transporter.
  9441 | D:12     | Found a transporter.
  9444 | D:12     | Found a transporter.
  9460 | D:12     | Reached skill level 10 in Armour
  9518 | D:12     | You fall into a shaft and drop 2 floors!
  9551 | D:14     | Noticed a fire dragon
  9552 | D:14     | Found a flickering gateway to a bazaar.
  9557 | Bazaar   | Entered a bazaar
  9570 | Bazaar   | Found Ridah's Antique Armour Shoppe.
  9591 | Bazaar   | Found Ruecu's Antique Weapon Emporium.
  9636 | Bazaar   | Found Ceunaim's Antique Armour Shop.
  9678 | Bazaar   | Found Ciah's Antique Weapon Emporium.
  9696 | Bazaar   | Found Weaha's Antique Weapon Shoppe.
  9821 | Bazaar   | Bought a pair of dazzling gloves for 380 gold pieces
  9821 | Bazaar   | Identified the +2 pair of gloves of Spite {*Slow rElec
                  | Int+8} (You bought it in a shop in a bazaar)
 10016 | D:13     | Noticed a centaur warrior
 10019 | D:13     | Noticed a catoblepas
 10020 | D:13     | Noticed a deep elf pyromancer
 10343 | D:12     | Found a transporter.
 10344 | D:12     | Found a transporter.
 10468 | D:9      | Reached *** piety under Ashenzari
 10482 | Orc:1    | Entered Level 1 of the Orcish Mines
 10482 | Orc:1    | Noticed a two-headed ogre
 10489 | Orc:1    | Killed a two-headed ogre
 10491 | Orc:1    | Noticed an orc sorcerer
 10499 | Orc:1    | Killed an orc sorcerer
 10613 | Orc:1    | Found Baojuiji's Antique Weapon Shop.
 10627 | Orc:1    | Reached XP level 12. HP: 94/108 MP: 12/12
 10645 | Orc:1    | Reached skill level 12 in Axes
 10896 | Orc:2    | Entered Level 2 of the Orcish Mines
 10968 | Orc:2    | Noticed an ettin
 10978 | Orc:2    | Killed an ettin
 11039 | Orc:2    | Noticed an ettin
 11047 | Orc:2    | Killed an ettin
 11098 | Orc:2    | Noticed an orc warlord
 11291 | Orc:2    | Found a staircase to the Elven Halls.
 11782 | Orc:2    | Killed an orc warlord
 11838 | Orc:2    | Found Eitpyggask's Eclectic Emporium.
 11857 | Orc:2    | Bought a scroll of enchant armour for 105 gold pieces
 11857 | Orc:2    | Bought a potion of experience for 700 gold pieces
 11858 | Orc:2    | Reached skill level 10 in Fighting
 11858 | Orc:2    | Reached skill level 13 in Axes
 11858 | Orc:2    | Reached skill level 10 in Shields
 11858 | Orc:2    | Reached XP level 13. HP: 89/120 MP: 13/13
 11858 | Orc:2    | Reached XP level 14. HP: 96/129 MP: 14/14
 12376 | Orc:2    | Bought a scroll of enchant weapon for 105 gold pieces
 13187 | Orc:2    | Found Ugrulac's Antique Armour Boutique.
 13187 | Orc:2    | Found Ytwuin's Armour Boutique.
 13188 | Orc:2    | Found Livaiso's Antique Weapon Shop.
 13188 | Orc:2    | Found Jimouca's Book Boutique.
 13487 | Lair:1   | Entered Level 1 of the Lair of Beasts
 13519 | Lair:1   | Noticed Amaemon
 13534 | Lair:1   | Killed Amaemon
 13535 | Lair:1   | Reached skill level 14 in Axes
 13648 | Lair:1   | Noticed Fannar
 13655 | Lair:1   | Killed Fannar
 13718 | Lair:1   | Lost mutation: Your flesh is heat resistant. (rF+) [potion
                  | of mutation]
 13718 | Lair:1   | Lost mutation: Your spells are a little easier to cast, but
                  | a little less powerful. [potion of mutation]
 13718 | Lair:1   | Lost mutation: Your tail ends in a venomous barb. [potion
                  | of mutation]
 13718 | Lair:1   | Gained mutation: You are resistant to electric shocks.
                  | (rElec) [potion of mutation]
 13718 | Lair:1   | Gained mutation: You possess an exceptional clarity of
                  | mind. [potion of mutation]
 13718 | Lair:1   | Gained mutation: You are occasionally teleported next to
                  | monsters. [potion of mutation]
 13718 | Lair:1   | Lost mutation: You possess an exceptional clarity of mind.
                  | [potion of mutation]
 13718 | Lair:1   | Gained mutation: Your tail ends in a venomous barb. [potion
                  | of mutation]
 13785 | Lair:1   | Noticed Gastronok
 13797 | Lair:1   | Killed Gastronok
 13841 | Lair:1   | Reached skill level 1 in Stealth
 14136 | Lair:2   | Reached XP level 15. HP: 134/136 MP: 15/15
 14581 | Lair:2   | Found a staircase to the Swamp.
 14669 | Lair:3   | Found a sacrificial altar of Ru.
 14980 | Lair:3   | Found a hole to the Spider Nest.
 15259 | Lair:3   | Reached skill level 1 in Dodging
 15513 | Lair:4   | Found a dark tunnel.
 15533 | Volcano  | Entered a volcano
 15589 | Volcano  | Reached skill level 15 in Axes
 15710 | Volcano  | Found a burning altar of Makhleb.
 16496 | Lair:5   | Entered Level 5 of the Lair of Beasts
 17223 | Lair:5   | Found a burning altar of Makhleb.
 17251 | Lair:5   | Found a gateway to Hell.
 17398 | Lair:5   | Reached XP level 16. HP: 103/148 MP: 16/16
 17687 | Lair:5   | Identified a scroll of acquirement
 17688 | Lair:5   | Found a staircase to the Slime Pits.
 17718 | Lair:5   | Reached skill level 16 in Axes
 17755 | Lair:5   | Acquired the scarf "Afodutett" {+Inv, rElec rPois Will+
                  | Str+4}
 17768 | Lair:5   | Lost mutation: Your tail ends in a venomous barb. [potion
                  | of mutation]
 17768 | Lair:5   | Lost mutation: You are occasionally teleported next to
                  | monsters. [potion of mutation]
 17768 | Lair:5   | Lost mutation: You are resistant to electric shocks.
                  | (rElec) [potion of mutation]
 17768 | Lair:5   | Gained mutation: You occasionally shout uncontrollably at
                  | your foes. [potion of mutation]
 17768 | Lair:5   | Gained mutation: You possess an exceptional clarity of
                  | mind. [potion of mutation]
 17768 | Lair:5   | Gained mutation: You expend magic power (3 MP) to
                  | strengthen your wands. [potion of mutation]
 17768 | Lair:5   | Gained mutation: You have large cloven feet. [potion of
                  | mutation]
 17768 | Lair:5   | Gained mutation: You are partially covered in iridescent
                  | scales. (AC +2) [potion of mutation]
 18016 | D:13     | Identified the Anthology of Infected Malisons
 18118 | D:13     | HP: 4/148 [orc knight/+0 great mace (20)]
 18139 | D:13     | HP: 3/148 [cyclops/large rock (19)]
 18903 | D:13     | Found a gate to the Vaults.
 19161 | D:14     | Found a shimmering blue altar of Sif Muna.
 19161 | D:14     | Identified Sif Muna's Spellbook of the Lithosphere
 19161 | D:14     | Identified Sif Muna's Writings on Moulding
 19161 | D:14     | Identified Sif Muna's Vellum of Refrigeration
 19306 | D:14     | Reached skill level 15 in Armour
 19380 | D:14     | Found a runed translucent gate.
 19380 | D:14     | Found a runed translucent gate.
 19380 | D:14     | Found a runed translucent gate.
 19381 | D:14     | Noticed Pios Xaciraj's ghost (journeyman DgHW)
 19635 | D:6      | Killed HumanPerson's ghost
 20238 | D:14     | Killed Pios Xaciraj's ghost
 20259 | D:14     | Lost mutation: You expend magic power (3 MP) to strengthen
                  | your wands. [potion of mutation]
 20259 | D:14     | Lost mutation: You have large cloven feet. [potion of
                  | mutation]
 20259 | D:14     | Lost mutation: You occasionally shout uncontrollably at
                  | your foes. [potion of mutation]
 20259 | D:14     | Lost mutation: You possess an exceptional clarity of mind.
                  | [potion of mutation]
 20259 | D:14     | Lost mutation: You are partially covered in iridescent
                  | scales. (AC +2) [potion of mutation]
 20259 | D:14     | Gained mutation: Your skin changes colour to match your
                  | surroundings (Stealth+). [potion of mutation]
 20259 | D:14     | Gained mutation: Your system is resistant to poisons.
                  | (rPois) [potion of mutation]
 20259 | D:14     | Gained mutation: Your magical capacity is low. (-10% MP)
                  | [potion of mutation]
 20259 | D:14     | Gained mutation: You have sharp fingernails. [potion of
                  | mutation]
 20259 | D:14     | Gained mutation: You are weak. (Str -2) [potion of
                  | mutation]
 20259 | D:14     | Gained mutation: You passively map a small area around you.
                  | [potion of mutation]
 20268 | D:15     | Entered Level 15 of the Dungeon
 20358 | D:15     | Found a staircase to the Depths.
 20385 | D:15     | HP: 2/154 [skeletal warrior/+1 mace of draining (18)]
 20385 | D:15     | Slain by a skeletal warrior

Illustrated notes

Levels and vault maps discovered:
D:1:      dpeg_arrival_leaves_temple_mockup, layout_basic,
          shapermc_ecumenical_altar_mp_urbaneastern
D:2:      layout_loops_ring, serial_shops, shop, basic_altar
D:3:      layout_basic
D:4:      wad_crossroads, layout_basic, mainiacjoe_overflow_paths, uniq_edmund,
          uniq_grinder, uniq_pikel, uniq_blork_the_orc
D:5:      layout_cave_pools, grunt_temple_overflow_open, nzn_random_ring
D:6:      layout_layer_cave, gammafunk_ghost_nasty_kobolds
D:7:      layout_loops_cross, mainiacjoe_overflow_six_doors_small,
          temple_doors_e
D:8:      layout_rooms, uniq_maurice
D:9:      layout_small_grid, mainiacjoe_overflow_small_starburst,
          hiddenorc2_lemuel, uniq_joseph
D:10:     layout_rooms, minmay_orc_keep, uniq_urug
D:11:     layout_basic, lair_entry_dummy, serial_glass, glass_columns_a,
          glass_columns_c, nicolae_inconvenience_store
D:12:     layout_roguey, serial_nicolae_subway, nicolae_sub_station_stone,
          nicolae_sub_station_metal, nicolae_sub_station_crystal
D:13:     layout_cave_pools, hangedman_vaults_entry_quadrant_bands, minmay_bent
D:14:     layout_loops_ring, gammafunk_ghost_spectres, serial_shops,
          freezing_bzr, serial_bayou_pond_e, nicolae_sif_muna_little_library
D:15:     gammafunk_depths_entry_grave, layout_irregular_city,
          minmay_splitting_lines, tso_oasis_becter
Temple:   eino_temple_lava
Lair:1:   layout_chaotic_city, minivault_19, lemuel_fruit_tree, uniq_fannar,
          uniq_gastronok, uniq_amaemon
Lair:2:   layout_chaotic_city, palyth_hydra_swamp_entry, st_stairs_13,
          lemuel_fruit_fields
Lair:3:   layout_hall_layers, spider_nest_entry_a, basic_altar, pond,
          infiniplex_staircase_pool
Lair:4:   layout_cave_pods, nicolae_volcano_entry_lava_flow, lemuel_fruit_fields
Lair:5:   evil_forest, layout_cave_pods, minmay_slime_entry_oklob_open
Orc:1:    layout_caves, serial_shops, shop, special_room [special_room_kobold],
          nicolae_orc_flooded_monolith
Orc:2:    st_orc_pillars, layout_caves, nicolae_alphabet_shops

Skill      XL: |  1  2  3  4  5  6  7  8  9 10 11 12 13 14 15 16 |
---------------+-------------------------------------------------+-----
Armour         | 4 5 6 7 8 9 10 12 13 14 15 | 15.2
Axes           | 2 3 4 5 6 8 10 11 13 14 15 16 | 16.5
Fighting       | 3 4 5 6 7 8 10 11 12 | 12.9
Shields        | 4 5 6 7 8 9 10 11 12 13 | 13.5
Evocations     | 1 2 |  2.6
Stealth        | 1 3 |  3.0
Dodging        | 1 |  1.7

Action                     |  1- 3 |  4- 6 |  7- 9 | 10-12 | 13-15 | 16-18 || total
---------------------------+-------+-------+-------+-------+-------+-------++-------
  Melee: War axe           |   130 |   103 |   327 |   482 |   682 |   339 ||  2063
         Tailslap          |    12 |    12 |    50 |    56 |   125 |    62 ||   317
         Kick              |       |       |       |       |       |   101 ||   101
 Invoke: Curse Item        |       |       |     1 |     4 |       |     1 ||     6
         Shatter the Chain |       |       |       |       |       |     2 ||     2
  Evoke: Wand              |       |     3 |       |     2 |     1 |     8 ||    14
    Use: Scroll            |     6 |     4 |    14 |     9 |     4 |     4 ||    41
         Potion            |       |     3 |     2 |     7 |     6 |    10 ||    28
   Stab: Petrified         |       |       |       |       |     3 |     2 ||     5
 Armour: Scale mail        |    89 |    35 |    74 |       |       |       ||   198
         Chain mail        |       |       |    82 |       |       |       ||    82
         Plate armour      |       |       |    14 |   331 |   393 |   261 ||   999
  Dodge: Dodged            |    45 |    40 |    81 |    44 |   108 |    63 ||   381
  Block: Buckler           |    22 |    52 |   182 |   297 |   342 |   202 ||  1097
         Reflection        |       |       |     2 |    28 |    11 |    30 ||    71
